 Dungeon Crawl Stone Soup version 0.23.0 (webtiles) character file.

Game seed: 1437853608381624588

7 Wolly the Caller (level 2, -1/19 HPs)
             Began as a Gnoll Summoner on Feb 14, 2019.
             Slain by a kobold
             ... wielding a +0 dagger of protection
              (6 damage)
             ... on level 1 of the Dungeon.
             The game lasted 00:00:48 (346 turns).

Wolly the Caller (Gnoll Summoner)                    Turns: 346, Time: 00:00:49

Health: -1/19      AC:  2    Str: 10    XL:     2   Next: 0%
Magic:  5/7        EV: 14    Int: 17    God:
Gold:   9          SH:  0    Dex: 15    Spells: 9/10 levels left

rFire    . . .     SeeInvis .   c - +0 dagger
rCold    . . .     Gourm    .   (no shield)
rNeg     . . .     Faith    .   a - +0 robe
rPois    .         Spirit   .   (no helmet)
rElec    .         Reflect  .   (no cloak)
rCorr    .         Harm     .   (no gloves)
MR       .....                  (no boots)
Stlth    +++.......             (no amulet)
HPRegen  0.06/turn              (no ring)
MPRegen  0.10/turn              (no ring)

@: no status effects
A: distributed training, fangs 1, strong nose
a: no special abilities


You were on level 1 of the Dungeon.
You were not hungry.

You visited 1 branch of the dungeon, and saw 1 of its levels.

You collected 9 gold pieces.

Inventory:

Hand Weapons
 c - a +0 dagger (weapon)
   (You took it off a kobold on level 1 of the Dungeon)
Armour
 a - a +0 robe (worn)
Scrolls
 b - a scroll of fog {unknown}
 g - 2 scrolls of identify {unknown}
Potions
 f - 2 potions of curing {unknown}
Comestibles
 d - a chunk of flesh
 e - 2 rations {!d}


   Skills:
 + Level 0.2 Fighting
 + Level 0.2 Short Blades
 + Level 0.2 Long Blades
 + Level 0.2 Axes
 + Level 0.2 Maces & Flails
 + Level 0.2 Polearms
 + Level 0.2 Staves
 + Level 0.2 Slings
 + Level 0.2 Bows
 + Level 0.2 Crossbows
 + Level 0.2 Throwing
 + Level 0.2 Armour
 + Level 4.4 Dodging
 + Level 4.0 Stealth
 + Level 0.2 Shields
 + Level 0.2 Unarmed Combat
 + Level 4.9 Spellcasting
 + Level 0.1 Conjurations
 + Level 0.1 Hexes
 + Level 0.1 Charms
 + Level 7.0 Summonings
 + Level 0.1 Necromancy
 + Level 0.1 Translocations
 + Level 0.1 Transmutations
 + Level 0.1 Fire Magic
 + Level 0.1 Ice Magic
 + Level 0.1 Air Magic
 + Level 0.1 Earth Magic
 + Level 0.1 Poison Magic
 + Level 0.3 Invocations
 + Level 0.2 Evocations


You had 9 spell levels left.
You knew the following spells:

 Your Spells              Type           Power        Failure   Level  Hunger
a - Summon Small Mammal   Summ           ####         1%          1    None

Your spell library contained the following spells:

 Spells                   Type           Power        Failure   Level  Hunger
 Call Imp                 Summ           ####....     1%          2    #......
 Call Canine Familiar     Summ           ####....     2%          3    ###....
 Summon Guardian Golem    Hex/Summ       ###.....     10%         3    ###....
 Summon Ice Beast         Ice/Summ       ###.....     32%         4    ####...
 Summon Lightning Spire   Summ/Air       ###.....     32%         4    ####...


Dungeon Overview and Level Annotations

Branches:
Dungeon (1/15)

Altars:


Innate Abilities, Weirdness & Mutations

Your experience applies equally to all skills.
You have very sharp teeth.
Your uncanny sense of smell can sniff out nearby items.


Message History

Your quokka closely misses the kobold.
The giant cockroach bites your quokka but does no damage.
The leopard gecko closely misses your quokka.
You hit the kobold but do no damage.
Your quokka bites the giant cockroach.
The kobold closely misses you. The frilled lizard bites your quokka.
The kobold misses your quokka.
Your quokka misses the frilled lizard.
The giant cockroach bites your quokka but does no damage.
The leopard gecko completely misses your quokka.
Your quokka closely misses the giant cockroach.
Unknown command.
You hit the kobold but do no damage. You bite the kobold.
The frilled lizard barely misses your quokka.
The kobold hits you with a +0 dagger of protection.
* * * LOW HITPOINT WARNING * * *
The giant cockroach bites your quokka.
Your quokka closely misses the frilled lizard.
The kobold barely misses your quokka. The leopard gecko bites your quokka.
Your quokka closely misses the leopard gecko.
You miss the kobold.
The frilled lizard barely misses your quokka.
Your quokka bites the frilled lizard.
The frilled lizard dies!
The giant cockroach closely misses your quokka.
The kobold hits you but does no damage.
The leopard gecko closely misses your quokka.
The kobold hits your quokka but does no damage.
Your quokka barely misses the leopard gecko.
You closely miss the kobold. You bite the kobold, but do no damage.
Your quokka misses the kobold. The giant cockroach bites your quokka.
The leopard gecko bites your quokka but does no damage.
The kobold misses you.
Your quokka barely misses the leopard gecko.
The kobold hits your quokka but does no damage.
You hit the kobold. You bite the kobold, but do no damage.
Your quokka barely misses the kobold.
The giant cockroach barely misses your quokka.
The leopard gecko misses your quokka.
Your quokka bites the leopard gecko.
The leopard gecko dies!
You have reached level 2!
The kobold closely misses you.
The kobold hits your quokka with a +0 short sword.
Your quokka dies!
Your quokka's corpse disappears in a puff of smoke!
You hit the kobold but do no damage.
Your quokka bites the kobold but does no damage.
The kobold barely misses your quokka. The giant cockroach bites your quokka.
Your quokka barely misses the kobold.
You hit the kobold but do no damage.
The kobold hits you with a +0 dagger of protection.
You die...

.# #....... .#
###.(.......... .#.##
............... #.#..#
##............. .. #.##
#....#........%
.###.(#####.##.#.........
.......##......##........
#()..#..#......##........
#...(##.........@........
#....###......#.#Kr.!....
#.....##......#.#s......#
#.....#...........†.....#
..............#..#......#
.....÷....>...##.....)...
#.#...#.#................
#.#.#+#.......##.#......#
#...# #.................#


You could see a giant cockroach, a kobold and a friendly quokka.

Vanquished Creatures
  A bat (D:1)
  2 rats (D:1)
3 creatures vanquished.

Vanquished Creatures (collateral kills)
  A leopard gecko (D:1)
  A hobgoblin (D:1)
  A bat (D:1)
  A frilled lizard (D:1)
  A kobold (D:1)
  A rat (D:1)
6 creatures vanquished.

Grand Total: 9 creatures vanquished

Notes
Turn   | Place    | Note
-------+----------+-------------------------------------------
     0 | D:1      | Wolly the Gnoll Summoner began the quest for the Orb.
     0 | D:1      | Reached XP level 1. HP: 13/13 MP: 6/6
   344 | D:1      | Reached XP level 2. HP: 5/19 MP: 5/7
   346 | D:1      | Slain by a kobold

Action                   || total
-------------------------++-------
Melee: Dagger            ||    22
       Unarmed           ||    12
       Bite              ||     5
 Cast: Summon Small Mamm ||     6
 Stab: Sleeping          ||     2
Armor: Robe              ||     9
Dodge: Dodged            ||    36
